 Dungeon Crawl Stone Soup version 0.29.0-4-gdea44cf6ec (webtiles) character file.

Game seed: 17990591991420418053

79 qw the Sneak (level 4, -4/28 HPs)
             Began as a Gargoyle Delver on Sept 10, 2022.
             Slain by a gnoll bouda
             ... wielding a +0 club
              (5 damage)
             ... on level 3 of the Dungeon.
             The game lasted 00:00:48 (3249 turns).

qw the Sneak (Gargoyle Delver)                      Turns: 3249, Time: 00:00:49

Health: -4/28      AC: 13    Str: 18    XL:     4   Next: 37%
Magic:  4/4        EV:  7    Int: 10    God:
Gold:   106        SH:  0    Dex: 11    Spells: 3/3 levels left

rFire   . . .      SeeInvis +   Y - +0 hand axe
rCold   . . .      Faith    .   (no shield)
rNeg    + . .      Spirit   .   c - +0 chain mail
rPois   inf        Reflect  .   (no helmet)
rElec   +          Harm     .   (no cloak)
rCorr   .          Rampage  .   k - +0 pair of gloves
Will    .....                   (no boots)
Stlth   ..........              (no amulet)
HPRegen 0.09/turn               b - ring of see invisible
MPRegen 0.09/turn               (no ring)

@: no status effects
A: sickness immunity, AC +3, negative energy resistance 1, electricity
resistance, torment resistance 1, petrification resistance
a: no special abilities


You were on level 3 of the Dungeon.
You visited 1 branch of the dungeon, and saw 5 of its levels.

You collected 106 gold pieces.


Innate Abilities, Weirdness & Mutations

You are immune to sickness and miasma.
Your stone body is resilient. (AC +3)
You are immune to poison.
You resist negative energy. (rN+)
You are resistant to electric shocks. (rElec)
You are resistant to unholy torment.
You are immune to petrification.


   Skills:
 - Level 3.2 Fighting
 + Level 3.6 Axes
 - Level 1.1 Throwing
 - Level 1.0 Armour
 - Level 1.5 Dodging
 - Level 5.4 Stealth


You had 3 spell levels left.
You didn't know any spells.
Your spell library was empty.

Inventory:

Hand Weapons
 j - a +0 mace
 Y - a +0 hand axe (weapon)
Missiles
 e - 4 silver javelins (quivered)
Armour
 c - a +0 chain mail (worn)
 k - a +0 pair of gloves (worn)
Jewellery
 b - a ring of see invisible (left hand)
 m - an amulet of magic regeneration
Wands
 g - a wand of digging (3)
Scrolls
 h - 2 scrolls of identify
 l - a scroll of torment {unknown}
Potions
 a - a potion of curing
 f - a potion of haste
 i - a potion of brilliance {unknown}

Dungeon Overview and Level Annotations

Branches:
Dungeon (5/15)
 Temple: D:4-7

Altars:
Zin


Message History

You feel your attacks grow feeble.
The gnoll bouda hits you but does no damage.
The gnoll hits you but does no damage. The hobgoblin hits you.
The gnoll hits you from afar with a +0 spear.
The gnoll hits you but does no damage.
You closely miss the gnoll bouda.
The gnoll bouda is moderately wounded.
You completely miss the hobgoblin.
The gnoll bouda hits you with a +0 club.
The gnoll hits you from afar with a +0 spear of venom.
The hobgoblin closely misses you.
The gnoll hits you from afar with a +0 spear.
The gnoll hits you but does no damage.
You hit the gnoll bouda but do no damage.
The gnoll bouda is moderately wounded.
You hit the hobgoblin.
The gnoll bouda hits you with a +0 club.
The gnoll hits you from afar with a +0 spear of venom.
The hobgoblin hits you but does no damage.
The gnoll hits you but does no damage. The gnoll closely misses you.
You hit the hobgoblin.
The hobgoblin is almost dead.
You closely miss the gnoll bouda.
Your attacks no longer feel as feeble.
The gnoll bouda hits you but does no damage.
The gnoll hits you but does no damage. The hobgoblin barely misses you.
The gnoll hits you but does no damage.
The gnoll hits you from afar with a +0 spear.
You barely miss the hobgoblin.
The hobgoblin is severely wounded.
You hit the gnoll bouda.
The gnoll bouda hits you with a +0 club.
The gnoll hits you but does no damage. x2
The hobgoblin hits you but does no damage.
The gnoll barely misses you.
You slash the hobgoblin!
You kill the hobgoblin!
You barely miss the gnoll bouda.
The gnoll bouda hits you with a +0 club.
You die... . .###### # #+# ....... .## #.# .....(. ..# #.# ....... #.# #.# ..... #.# #####'## ##### gg.

#.#
.......###...####(###'##
#.#
.............'..@gg.....
#.#
........##...####Z###.).
#.. .....)..##...# ...
##. ........###### .....
######. ........~~..
.#.......#.#....
........~#~
.........#.#.###
.........# ..
#..$..#...# # .........#
.# .#+#.#.###
........~## #.#.#


You could see a spectral hobgoblin, a gnoll bouda and 3 gnolls.

Vanquished Creatures
  3 gnolls
  An adder (D:2)
  A worm (D:2)
  3 bats (D:2)
  3 endoplasms
  A giant cockroach (D:1)
  3 goblins
  5 hobgoblins
  2 quokkas (D:2)
  8 ball pythons
  2 frilled lizards
  2 kobolds
  7 rats
41 creatures vanquished.

Notes
Turn   | Place    | Note
-------+----------+-------------------------------------------
     0 | D:5      | qw the Gargoyle Delver began the quest for the Orb.
     0 | D:5      | Reached XP level 1. HP: 14/14 MP: 1/1
     0 | D:5      | 0 ||| qw: Version: 0.1-a-116-g5d60599
     0 | D:5      | 0 ||| qw: Game counter: 7947
     0 | D:5      | 0 ||| qw: Always use a shield: true
     0 | D:5      | 0 ||| qw: God list: Okawaru
     0 | D:5      | 0 ||| qw: Allow faded altars: false
     0 | D:5      | 0 ||| qw: Do Orc after D:15 true
     0 | D:5      | 0 ||| qw: Do second Lair branch before Depths: true
     0 | D:5      | 0 ||| qw: Lair rune preference: random
     0 | D:5      | 0 ||| qw: Plans: Normal
     0 | D:5      | 0 ||| PLANNING D:1-11
     0 | D:5      | 0 ||| DROPPING scroll of fog.
     1 | D:5      | 1 ||| DROPPING scroll of magic mapping.
     2 | D:5      | 2 ||| DROPPING scroll of fear.
    47 | D:4      | 47 ||| UPGRADING to +0 chain mail.
    57 | D:4      | 57 ||| DROPPING +0 leather armour.
   401 | D:3      | Reached skill level 1 in Armour
   444 | D:3      | 444 ||| UPGRADING to ring of see invisible.
   445 | D:3      | 445 ||| READING scroll labelled DALIAMPESET.
   555 | D:2      | Reached XP level 2. HP: 19/19 MP: 2/2
   601 | D:2      | 601 ||| Stepping ~*~*~tactically~*~*~ (stealth).
   609 | D:2      | 609 ||| Stepping ~*~*~tactically~*~*~ (stealth).
   824 | D:2      | 824 ||| READING scroll labelled NAROFO SORGH.
  1201 | D:1      | Reached XP level 3. HP: 23/23 MP: 3/3
  1366 | D:1      | 1366 ||| DROPPING +0 club.
  1710 | D:1      | Reached skill level 3 in Axes
  2114 | D:1      | 2114 ||| UPGRADING to +0 pair of gloves.
  2119 | D:1      | 2119 ||| DROPPING amulet of faith.
  2120 | D:1      | 2120 ||| READING scroll labelled IQOPHAMPEO.
  2123 | D:1      | 2123 ||| READING scroll labelled XINUCE PERCHOA.
  2124 | D:1      | 2124 ||| READING scroll labelled JEADASH AWUDUT.
  2125 | D:1      | 2125 ||| DRINKING 3 lumpy amethyst potions.
  2126 | D:1      | 2126 ||| DRINKING 2 fizzy dark potions.
  2127 | D:1      | 2127 ||| DROPPING potion of flight.
  2676 | D:2      | Found a glowing silver altar of Zin.
  2868 | D:2      | Reached XP level 4. HP: 24/28 MP: 4/4
  2999 | D:2      | 2999 ||| DRINKING 2 viscous inky potions.
  3000 | D:2      | 3000 ||| DRINKING 3 inky potions.
  3105 | D:2      | 3105 ||| DROPPING 2 potions of berserk rage.
  3224 | D:3      | 3224 ||| Stepping ~*~*~tactically~*~*~ (hiding).
  3235 | D:3      | HP: 5/28 [gnoll/+0 spear[a gnoll bouda] (5)]
  3236 | D:3      | 3236 ||| DRINKING 2 potions of heal wounds.
  3240 | D:3      | Reached skill level 1 in Throwing
  3241 | D:3      | HP: 5/28 [hobgoblin (4)]
  3242 | D:3      | 3242 ||| DRINKING potion of heal wounds.
  3246 | D:3      | HP: 7/28 [gnoll bouda/+0 club (2)]
  3247 | D:3      | HP: 1/28 [gnoll/+0 spear[a gnoll bouda] (4)]
  3249 | D:3      | Slain by a gnoll bouda

Levels and vault maps discovered:
D:1:      dpeg_arrival_prison, layout_basic
D:2:      layout_basic, basic_altar
D:3:      layout_basic, dreamdust_ecumenical_altar_drowned_temple
D:4:      nicolae_BIG_FREAKIN_CUBE, layout_cave_pools,
          mainiacjoe_overflow_cross_hatched, temple_green
D:5:      wander_river, layout_rooms, grunt_gozag_breadcrumbs

Skill      XL: |  1  2  3  4 |
---------------+-------------+-----
Axes           | 2 3 |  3.6
Armour         | 1 |  1.0
Throwing       | 1 |  1.1
Fighting       | |  3.2
Dodging        | |  1.5
Stealth        | |  5.4

Action                   |  1- 3 |  4- 6 || total
-------------------------+-------+-------++-------
Melee: Hand axe          |   115 |    24 ||   139
       Punch             |       |     1 ||     1
Throw: Javelin           |       |     2 ||     2
  Use: Scroll            |     5 |       ||     5
       Potion            |     2 |     4 ||     6
Armor: Chain mail        |    82 |    35 ||   117
Dodge: Dodged            |    28 |    20 ||    48

Table legend:
 A = Non-vault XP
 B = Vault XP
 C = Vault XP percentage of total XP
 D = Non-vault monster count
 E = Vault monster count
 F = Vault count percentage of total count
                 A         B        C        D         E       F
            +---------+---------+-------+---------+---------+-------
      Total |     110 |       5 |   4.3 |      37 |       4 |   9.8
            +---------+---------+-------+---------+---------+-------
        D:1 |      25 |       5 |  16.7 |       8 |       4 |  33.3
        D:2 |      44 |       0 |   0.0 |      18 |       0 |   0.0
        D:3 |      38 |       0 |   0.0 |       9 |       0 |   0.0
        D:4 |       3 |       0 |   0.0 |       2 |       0 |   0.0
            +---------+---------+-------+---------+---------+-------
